 Dungeon Crawl Stone Soup version 0.19.5 (webtiles) character file.

42 popno the Skirmisher (level 3, -3/30 HPs)
             Began as a Formicid Abyssal Knight on Apr 24, 2017.
             Was a Follower of Lugonu.
             Slain by a gnoll
             ... wielding a +0 halberd
              (11 damage)
             ... on level 2 of the Dungeon.
             The game lasted 00:11:47 (1368 turns).

popno the Skirmisher (Formicid Abyssal Knight)      Turns: 1368, Time: 00:11:48

Health: -3/30      AC:  4    Str: 17    XL:     3   Next: 77%
Magic:  4/4        EV: 11    Int: 11    God:    Lugonu [*.....]
Gold:   18         SH:  0    Dex: 10    Spells: 0 memorised, 2 levels left

rFire  + . .     SeeInvis +     f - +1 short sword (speed)
rCold  x . .     Gourm    .     b - +0 leather armour
rNeg   . . .     Faith    .     (no shield)
rPois  .         Spirit   .     (helmet unavailable)
rElec  .         Reflect  .     (no cloak)
rCorr  .         Harm     .     n - +0 pair of gloves
MR     +....                    (no boots)
Stlth  +.........               (no amulet)
                                d - ring of protection from magic
                                i - ring of fire

@: no status effects
A: permanent stasis, dig shafts and tunnels, four strong arms, antennae 3
a: Dig, Shaft Self, Depart the Abyss, Renounce Religion


You were on level 2 of the Dungeon.
You worshipped Lugonu.
Lugonu was aware of your devotion.
You were not hungry.

You visited 1 branch of the dungeon, and saw 2 of its levels.
You visited the Abyss 1 time.

You collected 18 gold pieces.

Inventory:

Hand Weapons
 a - a +1 spear
 f - a +1 short sword of speed (weapon)
 l - a +0 hunting sling
 x - a +0 hand axe
Missiles
 g - 26 arrows
 q - 15 bolts
Armour
 b - a +0 leather armour (worn)
 n - a +0 pair of gloves (worn)
Jewellery
 d - a ring of protection from magic (right hand)
 i - a ring of fire (left hand)
 w - an uncursed ring of flight
Scrolls
 e - a scroll of teleportation {unknown}
 h - a scroll of fear {unknown}
 t - a scroll of fog
 u - 2 scrolls of identify
 y - a scroll of recharging {unknown}
Potions
 j - a potion of resistance {unknown}
 m - a potion of mutation {unknown}
 r - a potion of lignification {unknown}
 v - a potion of degeneration {unknown}
Comestibles
 c - 2 bread rations
 k - 4 fruits
 o - a meat ration
 p - a chunk of flesh
 s - a beef jerky


   Skills:
 + Level 4.1 Fighting
 + Level 0.8 Short Blades
 + Level 2.2 Polearms
 + Level 2.6 Armour
 + Level 1.0 Dodging
 + Level 2.3 Invocations


You had 2 spell levels left.
You didn't know any spells.

Dungeon Overview and Level Annotations

Branches:
Dungeon (2/15)

Altars:


Innate Abilities, Weirdness & Mutations

You are under a permanent stasis effect.
You can dig through walls and to a lower floor.
Your four strong arms can wield two-handed weapons with a shield.
You have a pair of large antennae on your head. (SInv)


Message History

You hit the bat.
You kill the bat!
Lugonu accepts your kill.
Found a scroll labeled KOICWU FEAGUV.
Found a short sword.
y - a scroll labeled KOICWU FEAGUV A gnoll comes into view.
It is wielding a halberd.
The gnoll shouts!
A gnoll comes into view. It is wielding a whip.
The gnoll moves out of view.
Found a glowing hand axe.
A gnoll comes into view. It is wielding an enchanted spear.
A gnoll comes into view. It is wielding a spear.
The gnoll hits you from afar with a halberd!
A frilled lizard comes into view.
The gnoll hits you with a halberd!
Ouch! That really hurt!
* * * LOW HITPOINT WARNING * * *
The gnoll hits you from afar with a halberd!
You die...

.. ##..........#.##..#
......##..............
##.### #.......#.##...
.....###.#............
{........####...#####
#)..##....#.### ##
##..#####...######.
##..................
#..@........########
#..#.#.......#
......g.#..........
.)...g###.......##..
..lgg# #.......# #
..... #.......# ....
######### ... ...


You could see 3 gnolls and a frilled lizard (wandering).

Vanquished Creatures
  A dart slug (D:1)
  2 leopard geckos
  2 giant cockroaches
  7 hobgoblins
  4 jackals (D:1)
  6 bats
  A frilled lizard (D:1)
  5 goblins
  2 kobolds (D:1)
  5 rats (D:1)
35 creatures vanquished.

Notes
Turn   | Place    | Note
-------+----------+-------------------------------------------
     0 | Abyss:1  | popno the Formicid Abyssal Knight began the quest for the Orb.
     0 | Abyss:1  | Reached XP level 1. HP: 18/18 MP: 2/2
    94 | D:1      | Escaped the Abyss
   266 | D:1      | Reached * piety under Lugonu
   298 | D:1      | Reached XP level 2. HP: 23/24 MP: 3/3
   692 | D:1      | Reached XP level 3. HP: 18/30 MP: 4/4
   764 | D:1      | Reached skill level 4 in Fighting
  1134 | D:2      | Reached skill level 1 in Dodging
  1165 | D:2      | Found a faded altar of an unknown god.
  1368 | D:2      | Slain by a gnoll

Skill      XL: |  1  2  3 |
---------------+----------+-----
Fighting       | 4 |  4.1
Dodging        | 1 |  1.0
Short Blades   | |  0.8
Polearms       | |  2.2
Armour         | |  2.6
Invocations    | |  2.3

Action                   || total
-------------------------++-------
Melee: Short sword       ||   131
       Spear             ||     4
Invok: Depart the Abyss  ||     1
  Use: Scroll            ||     2
  Eat: Pizza             ||     1
Armor: Leather armour    ||    40
Dodge: Dodged            ||    64
